 Dungeon Crawl Stone Soup version 0.28-a0-919-g0b5b508569 (webtiles) character file.

Game seed: 14599576738759495493

167736 swappor the Hoplite (level 17, -13/170 HPs)
             Began as a Minotaur Berserker on Nov 23, 2021.
             Was a High Priest of Trog.
             Killed from afar by a deep elf knight (33 damage)
             ... with a shard of ice
             ... on level 2 of the Elven Halls on Nov 25, 2021.
             The game lasted 01:58:40 (40208 turns).

swappor the Hoplite (Minotaur Berserker)           Turns: 40208, Time: 01:58:41

Health: -13/170    AC: 24    Str: 29    XL:     17   Next: 32%
Magic:  16/16      EV:  8    Int:  5    God:    Trog [*****.]
Gold:   2924       SH: 23    Dex:  9    Spells: 16/16 levels left

rFire   + + .      SeeInvis .   W - +5 broad axe (venom)
rCold   . . .      Faith    .   f - +2 tower shield {reflect}
rNeg    + . .      Spirit   .   q - +2 plate armour {rF+}
rPois   +          Reflect  +   (helmet restricted)
rElec   .          Harm     .   T - +1 cloak
rCorr   +          Rampage  .   i - +0 pair of gloves of the Devil's Advocate {rCorr}
Will    +++..                   t - +2 pair of boots
Stlth   ..........              I - amulet of Dyvud {rF+ Regen+}
HPRegen 2.18/turn               P - ring of poison resistance
MPRegen 0.15/turn               d - ring of Kisowuaph {rN+ rCorr}

@: strong-willed, on berserk cooldown, regenerating, slowed, studying
Translocations, very slow
A: horns 2, retaliatory headbutt
a: Renounce Religion, Berserk, Trog's Hand, Brothers in Arms


You were on level 2 of the Elven Halls.
You worshipped Trog.
Trog was extremely pleased with you.
You visited 5 branches of the dungeon, and saw 26 of its levels.
You also visited: Bailey.

You collected 3164 gold pieces.
You spent 240 gold pieces at shops.


Innate Abilities, Weirdness & Mutations

You have a pair of horns on your head.
You reflexively headbutt those who attack you in melee.


   Skills:
 - Level 20.0 Fighting
 - Level 18.0 Axes
 - Level 11.5 Armour
 - Level 2.1 Dodging
 + Level 23.1 Shields
 - Level 5.0 Evocations


You had 16 spell levels left.
You didn't know any spells.
Your spell library contained the following spells:

 Spells                   Type           Power      Damage    Failure   Level
 Animate Skeleton         Necr           0%         N/A       99%         1
 Apportation              Tloc           0%         N/A       99%         1
 Beastly Appendage        Tmut           0%         N/A       99%         1
 Foxfire                  Conj/Fire      0%         2x1d4     99%         1
 Freeze                   Ice            0%         1d3       99%         1
 Pain                     Necr           0%         1d4       99%         1
 Sandblast                Erth           0%         2d4       99%         1
 Shock                    Conj/Air       0%         1d3       99%         1
 Slow                     Hex            0%         N/A       99%         1
 Summon Small Mammal      Summ           0%         N/A       99%         1
 Blink                    Tloc           0%         N/A       100%        2
 Passwall                 Tmut/Erth      0%         N/A       100%        2
 Poisonous Vapours        Pois/Air       0%         N/A       100%        2
 Confusing Touch          Hex            0%         N/A       100%        3
 Conjure Flame            Conj/Fire      0%         6-21      100%        3
 Frozen Ramparts          Ice            0%         1d2       100%        3
 Gell's Gravitas          Tloc           0%         N/A       100%        3
 Ignite Poison            Fire/Tmut/Pois 0%         N/A       100%        3
 Inner Flame              Hex/Fire       0%         N/A       100%        3
 Lesser Beckoning         Tloc           0%         N/A       100%        3
 Stone Arrow              Conj/Erth      0%         3d7       100%        3
 Swiftness                Air            0%         N/A       100%        3
 Teleport Other           Tloc           0%         N/A       100%        3
 Vampiric Draining        Necr           0%         2d6       100%        3
 Airstrike                Air            0%         N/A       100%        4
 Animate Armour           Summ/Erth      0%         N/A       100%        4
 Cause Fear               Hex            0%         N/A       100%        4
 Flame Wave               Conj/Fire      0%         3d3       100%        4
 Fulminant Prism          Conj/Hex       0%         3d6       100%        4
 Hailstorm                Conj/Ice       0%         3d3       100%        4
 Ice Form                 Ice/Tmut       0%         N/A       100%        4
 Iskenderun's Mystic Bla  Conj/Tloc      0%         2d3       100%        4
 Petrify                  Tmut/Erth      0%         N/A       100%        4
 Sticky Flame             Conj/Fire      0%         2d3       100%        4
 Summon Lightning Spire   Summ/Air       0%         N/A       100%        4
 Alistair's Intoxication  Tmut/Pois      0%         N/A       100%        5
 Blade Hands              Tmut           0%         N/A       100%        5
 Borgnjor's Vile Clutch   Necr/Erth      0%         N/A       100%        5
 Freezing Cloud           Conj/Ice/Air   0%         6-21      100%        5
 Irradiate                Conj/Tmut      0%         3d14      100%        5
 Lee's Rapid Deconstruct  Erth           0%         3d5*      100%        5
 Lightning Bolt           Conj/Air       0%         1d11      100%        5
 Manifold Assault         Tloc           0%         N/A       100%        5
 Metabolic Englaciation   Hex/Ice        0%         N/A       100%        5
 Eringya's Noxious Bog    Tmut/Pois      0%         N/A       100%        6
 Statue Form              Tmut/Erth      0%         N/A       100%        6
 Dragon Form              Tmut           0%         N/A       100%        7
 Spellforged Servitor     Conj/Summ      0%         N/A       100%        7
 Storm Form               Tmut/Air       0%         N/A       100%        7
 Lehudib's Crystal Spear  Conj/Erth      0%         10d2      100%        8

Inventory:

Hand Weapons
 y - the +6 war axe "Qoel" {flame, rF- Str+5 Dex+5}
   (Trog gifted it to you on level 2 of the Elven Halls)

   It burns those it strikes, dealing additional fire damage.
   Big, fiery blades are also staple armaments of hydra-hunters.
   Str:       It affects your strength (+5).
   Dex:       It affects your dexterity (+5).
   rF:        It makes you vulnerable to fire.
 W - a +5 broad axe of venom (weapon)
   (You found it on level 4 of the Lair of Beasts)
Missiles
 l - 2 throwing nets (quivered) {=f!f}
 A - 92 arrows
Armour
 f - a +2 tower shield of reflection (worn)
   (You acquired it on level 1 of the Lair of Beasts)
 i - the +0 pair of gloves of the Devil's Advocate (worn) {rCorr}
   (You found it in a bailey)

   rCorr:     It protects you from acid and corrosion.
 q - a +2 plate armour of fire resistance (worn)
   (You took it off an orc warlord on level 12 of the Dungeon)
 t - a +2 pair of boots (worn)
   (You found it on level 6 of the Lair of Beasts)
 T - a +1 cloak (worn)
   (You found it on level 15 of the Dungeon)
Jewellery
 c - a ring of willpower
   (You found it on level 1 of the Dungeon)
 d - the ring of Kisowuaph (right hand) {rN+ rCorr}
   (You acquired it on level 1 of the Dungeon)

   [ring of resist corrosion]

   rN:        It protects you from negative energy.
   rCorr:     It protects you from acid and corrosion.
 v - a ring of see invisible
   (You found it on level 4 of the Lair of Beasts)
 I - the amulet of Dyvud (around neck) {rF+ Regen+}
   (You found it on level 14 of the Dungeon)

   [amulet of regeneration]

   rF:        It protects you from fire.
   Regen:     It increases your rate of health regeneration.
 L - a ring of flight
   (You found it on level 15 of the Dungeon)
 O - a +4 ring of protection
   (You found it on level 14 of the Dungeon)
 P - a ring of poison resistance (left hand)
   (You bought it in a shop on level 8 of the Dungeon)
Wands
 a - a wand of acid (6)
   (You found it on level 5 of the Dungeon)
 g - a wand of iceblast (21)
   (You took it off a hobgoblin on level 3 of the Dungeon)
 k - a wand of paralysis (13)
   (You found it on level 3 of the Dungeon)
 o - a wand of digging (4)
   (You found it on level 1 of the Elven Halls)
 p - a wand of polymorph (17)
   (You found it on level 4 of the Dungeon)
 z - a wand of flame (39)
   (You found it on level 7 of the Dungeon)
 B - a wand of charming (8)
   (You found it on level 11 of the Dungeon)
 R - a wand of mindburst (8)
   (You found it on level 14 of the Dungeon)
Scrolls
 e - a scroll of brand weapon
 h - 2 scrolls of silence {!r}
 m - a scroll of identify {@r1}
 r - 6 scrolls of magic mapping {!r}
 s - 7 scrolls of teleportation {@r4}
 u - a scroll of blinking {!r}
 w - 5 scrolls of fog
 K - 5 scrolls of fear
Potions
 b - a potion of flight {unknown}
 j - 14 potions of curing {@q1}
 n - 3 potions of invisibility
 x - 4 potions of heal wounds {@q2}
 D - 2 potions of haste {@q3}
 E - 2 potions of might
 G - 6 potions of lignification {!q}
 H - 5 potions of resistance
 J - 7 potions of ambrosia
Miscellaneous
 Q - a condenser vane
   (You found it on level 14 of the Dungeon)
 U - a phantom mirror
   (You found it on level 6 of the Lair of Beasts)
 V - a box of beasts
   (You found it on level 6 of the Lair of Beasts)

Dungeon Overview and Level Annotations

Branches:
Dungeon (15/15)            Temple (1/1) D:7            Lair (6/6) D:11
  Swamp (0/4) Lair:3        Snake (0/4) Lair:3        Slime (0/5) Lair:5
    Orc (2/2) D:12            Elf (2/3) Orc:2        Vaults (0/5) D:14
 Depths (0/4) D:15         Bailey (visited)

Altars:
Ashenzari
Cheibriados
Dithmenos
Elyvilon
Fedhas
Gozag
Hepliaklqana
Kikubaaqudgha
Makhleb
Nemelex Xobeh
Okawaru
Qazlal
Ru
Sif Muna
Trog
Uskayaw
Vehumet
Wu Jian
Xom
Yredelemnul
Zin
The Shining One
Beogh
Jiyva

Shops:
D:4 *   D:8 =?   D:10 !   Orc:2 [(:*   Elf:2 *

Portals:
Trove: D:15 (give 8 potions of haste)

Annotations:
D:3 3 runed translucent doors, AmazingEquinox's ghost, weakling MiBe

##...##.............#
##...#..#...........#.
##...#....#.........#..
#...#......#.......#...
#..#.......e#.....#....
#.#........O.#...#..^..
#............# #......
#....@...)...# #..)...
##....))......###......
#.#....).....#...#.....
#..#...)....#.....#....
#...#......#.......#...
##...#....#)........#..
##...#..#...........#.
##...##.............#
#...##.............#


You could see a deep elf knight (ally target) and a friendly ogre (summoned,
berserk).


Message History

The deep elf zephyrmancer gestures at you while chanting.
The bolt of lightning hits the +2 dire flail of holy wrath.
The +2 dire flail of holy wrath completely resists.
The bolt of lightning hits you! ๐Ÿ˜ฎ HP[-23]
You take 23 damage, and now have 99/170 hp.
Your ogre goes berserk!
You block the +1 hand axe of distortion's attack.
The +2 dire flail of holy wrath hits you!
* * * LOW HITPOINT WARNING * * *
You block the +0 vorpal long sword's attack.
You block the +1 hand axe of distortion's attack.
The +2 dire flail of holy wrath hits you!
* * * LOW HITPOINT WARNING * * *
The deep elf zephyrmancer casts a spell at you.
The bolt of lightning misses the +2 dire flail of holy wrath.
The bolt of lightning hits you!!
* * * LOW HITPOINT WARNING * * *
๐Ÿ˜จ HP[-50]
You take 50 damage, and now have 49/170 hp.
MASSIVE DAMAGE!! (PAUSE)
You block the +0 vorpal long sword's attack.
The deep elf pyromancer casts a spell.
The deep elf pyromancer blinks!
Your ogre completely misses the +2 dire flail of holy wrath.
You block the +0 vorpal long sword's attack.
You block the +1 hand axe of distortion's attack. ๐Ÿ˜จ HP[+3]
You regained 3 hp, and now have 52/170 hp.
A red film seems to cover your vision as you go berserk!
You feel yourself moving faster!
You feel mighty!
You block the +0 vorpal long sword's attack.
You block the +1 hand axe of distortion's attack.
The +2 dire flail of holy wrath hits you!
* * * LOW HITPOINT WARNING * * *
The +0 vorpal long sword hits you.
* * * LOW HITPOINT WARNING * * *
x2 You hear a shout! ๐Ÿ˜ฑ HP[+8]
You now have 255 max hp (+85).
You regained 8 hp, and now have 60/255 hp.
You cut the +0 vorpal long sword into ribbons!!!
The +0 vorpal long sword falls from the air.
Trog accepts your kill.
You closely miss the +1 hand axe of distortion.
You slash the +2 dire flail of holy wrath!
The +2 dire flail of holy wrath falls from the air.
Trog accepts your kill.
The +1 hand axe of distortion hits you but does no damage.
Space warps horribly around you.
* * * LOW HITPOINT WARNING * * *
The deep elf zephyrmancer casts a spell at you.
The bolt of lightning hits you!!
* * * LOW HITPOINT WARNING * * *
Your Shields skill increases to level 23! ๐Ÿ˜ฑ HP[-36]
You take 36 damage, and now have 24/255 hp.
You slash the +1 hand axe of distortion!
The +1 hand axe of distortion hits you but does no damage.
Space warps around you.
* * * LOW HITPOINT WARNING * * *
Your ogre barely misses the deep elf pyromancer. ๐Ÿ˜ฑ HP[-4]
You take 4 damage, and now have 20/255 hp.
You hit the +1 hand axe of distortion.
You headbutt the +1 hand axe of distortion!
You feel the power of Trog in you as your rage grows.
The +1 hand axe of distortion falls from the air.
Trog accepts your kill.
You slash the deep elf pyromancer!
The deep elf pyromancer looks as sick as possible! ๐Ÿ˜ฑ HP[+1]
You slash the deep elf pyromancer!
You kill the deep elf pyromancer!
Trog accepts your kill.
Trog appreciates your killing of a magic user.
The deep elf zephyrmancer mumbles some strange words.
The deep elf zephyrmancer blinks!
A deep elf knight comes into view.
It is wielding a +0 scimitar. ๐Ÿ˜ฑ HP[+1] ๐Ÿ˜ฑ HP[+2]
You regained 2 hp, and now have 24/255 hp.
You feel a strong urge to attack something.
Your ogre rages. ๐Ÿ˜ฑ HP[+1]
Your ogre hits the deep elf zephyrmancer with a +0 giant club!!
The deep elf zephyrmancer dies!
Trog accepts your kill.
Trog appreciates your killing of a magic user. ๐Ÿ˜ฑ HP[+2]
You regained 2 hp, and now have 27/255 hp.
You feel your anger nearly subside. ๐Ÿ˜ฑ HP[+1]
You are no longer berserk.
You are exhausted.
You feel yourself slow down.
Your ogre hits the deep elf knight with a +0 giant club!!
The deep elf knight casts a spell at you.
The shard of ice hits you!!
You die...

Skill      XL: |  1  2  3  4  5  6  7  8  9 10 11 12 13 14 15 16 17 |
---------------+----------------------------------------------------+-----
Fighting       | 4 5 6 9 12 15 17 19 20 | 20.0
Axes           | 5 6 11 17 18 | 18.0
Armour         | 3 6 11 | 11.5
Evocations     | 4 5 |  5.0
Shields        | 5 14 17 21 23 | 23.1
Dodging        | |  2.1

Action                   |  1- 3 |  4- 6 |  7- 9 | 10-12 | 13-15 | 16-18 || total
-------------------------+-------+-------+-------+-------+-------+-------++-------
Melee: Hand axe          |    81 |   114 |   204 |   354 |   793 |       ||  1546
       Headbutt          |    15 |    18 |    44 |    91 |   399 |    99 ||   666
       Broad axe         |       |       |       |       |   626 |   523 ||  1149
Throw: Stone             |     3 |       |       |       |       |       ||     3
       Dart              |       |       |    14 |     4 |       |       ||    18
Invok: Berserk           |       |     3 |     3 |    11 |    16 |     3 ||    36
       Trog's Hand       |       |       |     3 |       |     3 |     3 ||     9
       Brothers in Arms  |       |       |       |     1 |     1 |     2 ||     4
Evoke: Wand              |       |       |    14 |    10 |    49 |       ||    73
       Phantom mirror    |       |       |       |       |       |     1 ||     1
       Condenser vane    |       |       |       |       |       |     1 ||     1
  Use: Scroll            |     2 |     6 |     7 |     9 |     9 |       ||    33
       Potion            |       |       |       |     1 |     3 |     1 ||     5
 Stab: Sleeping          |     1 |       |       |       |       |       ||     1
Armor: Animal skin       |    17 |       |       |       |       |       ||    17
       Chain mail        |       |    54 |    52 |       |       |       ||   106
       Plate armour      |       |       |    46 |   373 |   657 |   176 ||  1252
Dodge: Dodged            |    43 |    38 |    79 |   182 |   306 |    73 ||   721
Block: Kite shield       |       |       |       |   114 |    67 |       ||   181
       Tower shield      |       |       |       |       |  1431 |   407 ||  1838
       Reflection        |       |       |       |       |    53 |    44 ||    97

Levels and vault maps discovered:
D:1:      dpeg_arrival_oval, layout_loops_cross,
          shapermc_ecumenical_altar_mp_urbaneastern
D:2:      layout_basic
D:3:      layout_loops_ring, tso_altar, old_standard_altar,
          gammafunk_ghost_split
D:4:      kennysheep_goblin_castle, layout_basic, zin_academy,
          nicolae_gozag_zags_fifth_avenue, uniq_eustachio, uniq_duvessa
D:5:      layout_gridville, yredelemnul_forgotten_temple_becter,
          corexii_checkpoint_a, kennysheep_flooded_box, uniq_ijyb
D:6:      layout_gridville
D:7:      layout_loops_ring, temple_statues, minivault_11,
          hangedman_feature_mirror, uniq_maggie
D:8:      layout_basic, kennysheep_slug_shrine, serial_shops, shop,
          nicolae_shop_crystal, eino_tiny_chamber
D:9:      layout_cave_pools, grunt_nemelex_the_gamble,
          mainiacjoe_overflow_tiny_flanked, minmay_fractal_squares_gapless_5
D:10:     layout_basic, nicolae_take_the_stairs, uniq_nergalle, uniq_joseph
D:11:     layout_loops_ring, lair_entry_dummy, enter_bailey_3
D:12:     layout_long_grid, kennysheep_orc_monster_closet_entryway,
          minivault_25_ag, due_unseen_surprise
D:13:     layout_long_grid, minmay_nine_imps
D:14:     minmay_box_of_curves, layout_basic, david_vaults_1,
          roderic_serpentine_path
D:15:     grunt_enter_depths_hoard, layout_cave_pools, serial_park,
          serial_park_tiny_pond, serial_park_square2, serial_park_tiny_1,
          serial_park_square1 [serial_park_minivault_5x5_1], enter_trove_6,
          uniq_roxanne, uniq_azrael
Temple:   jpeg_temple_clearing
Lair:1:   layout_cave_pods, gammafunk_ghost_necromancy, special_room
          [special_room_bee], uniq_grum
Lair:2:   cheibrodos_lair_river_kwai, layout_chaotic_city, serial_bayou_shore_a
Lair:3:   layout_regular_city, swamp_mist, dummy_snake_entry,
          ebering_ghost_disaster_area, grunt_megastairs_5
Lair:4:   layout_concentric_octagons, grunt_megastairs_1
Lair:5:   layout_misc_corridors, slime_altar_1
Lair:6:   guppyfry_lair_end_dragon, layout_small_grid, basic_altar,
          nicolae_volcano_entry_vermiform, grunt_megastairs_3
Orc:1:    layout_caves, kennysheep_orc_chapel, uniq_erica
Orc:2:    grunt_orc_gardens, layout_diamond_mine, grunt_orc_garden,
          grunt_orc_garden, grunt_orc_garden, grunt_orc_garden,
          nicolae_orc_lost_temple
Elf:1:    layout_geoelf_grid, minivault_28
Elf:2:    nicolae_elf_blades_splatter_lattice
          [nicolae_blade_entry_crossed_weapons], layout_geoelf_diagonals,
          serial_shops, nicolae_shop_trees

Notes
Turn   | Place    | Note
-------+----------+-------------------------------------------
     0 | D:1      | swappor the Minotaur Berserker began the quest for the Orb.
     0 | D:1      | Reached XP level 1. HP: 19/19 MP: 0/0
     0 | D:1      | magus.rc [v1.11.2]
    48 | D:1      | Reached skill level 4 in Fighting
   280 | D:1      | Found a faded altar of an unknown god.
   316 | D:1      | Reached XP level 2. HP: 26/28 MP: 1/1
   841 | D:1      | Identified a scroll of acquirement
   841 | D:1      | Acquired the ring of Kisowuaph {rN+ rCorr}
   953 | D:2      | Reached ** piety under Trog
   965 | D:2      | Reached skill level 5 in Fighting
  1086 | D:2      | Reached XP level 3. HP: 36/36 MP: 2/2
  1658 | D:2      | Reached skill level 6 in Fighting
  1658 | D:2      | Reached XP level 4. HP: 43/44 MP: 3/3
  1798 | D:3      | Reached skill level 4 in Axes
  1905 | D:3      | Found a glowing golden altar of the Shining One.
  1987 | D:3      | Found a hazy altar of Hepliaklqana.
  1988 | D:3      | Found a runed translucent gate.
  1989 | D:3      | Found a runed translucent gate.
  1991 | D:3      | Found a runed translucent gate.
  1991 | D:3      | Noticed AmazingEquinox's ghost (weakling MiBe)
  2031 | D:3      | Reached skill level 5 in Axes
  2062 | D:3      | Reached XP level 5. HP: 35/50 MP: 4/4
  2181 | D:3      | Reached *** piety under Trog
  2730 | D:4      | Reached skill level 6 in Axes
  2757 | D:4      | Reached skill level 3 in Armour
  2789 | D:4      | Reached XP level 6. HP: 39/57 MP: 5/5
  2916 | D:4      | You pick up a book of Flames {forbidden} and begin
                  | reading...
  2916 | D:4      | You add the spells Foxfire, Conjure Flame, Inner Flame and
                  | Flame Wave to your library.
  2928 | D:4      | Reached skill level 4 in Armour
  2969 | D:4      | Found Gozag's Platinum Reserve.
  2971 | D:4      | Noticed Dowan
  2971 | D:4      | Noticed Duvessa
  3081 | D:4      | Killed Duvessa
  3082 | D:4      | Reached skill level 5 in Armour
  3226 | D:4      | You pick up a book of Necromancy {forbidden} and begin
                  | reading...
  3226 | D:4      | You add the spells Pain, Animate Skeleton and Vampiric
                  | Draining to your library.
  3253 | D:4      | Found an opulent altar of Gozag.
  3638 | D:4      | Killed Dowan
  3708 | D:4      | Found a glowing silver altar of Zin.
  3721 | D:4      | Noticed Eustachio
  3755 | D:4      | Killed Eustachio
  3756 | D:4      | Reached skill level 6 in Armour
  3756 | D:4      | Reached XP level 7. HP: 52/64 MP: 6/6
  3925 | D:4      | Noticed Ijyb
  3957 | D:4      | Killed Ijyb
  4152 | D:5      | Entered Level 5 of the Dungeon
  4160 | D:4      | Reached skill level 7 in Fighting
  4351 | D:5      | You pick up a book of Transfigurations {forbidden} and
                  | begin reading...
  4351 | D:5      | You add the spells Irradiate, Blade Hands and Dragon Form
                  | to your library.
  4429 | D:5      | Reached skill level 8 in Fighting
  4632 | D:5      | Found a basalt altar of Yredelemnul.
  4716 | D:5      | Reached skill level 9 in Fighting
  4716 | D:5      | Reached XP level 8. HP: 78/78 MP: 7/7
  5381 | D:6      | Reached skill level 10 in Fighting
  5681 | D:6      | Reached skill level 11 in Fighting
  5970 | D:6      | Reached **** piety under Trog
  6480 | D:7      | Noticed Maggie
  6500 | D:7      | Killed Maggie
  6501 | D:7      | Reached skill level 12 in Fighting
  6501 | D:7      | Reached XP level 9. HP: 72/91 MP: 8/8
  6737 | D:7      | Reached skill level 13 in Fighting
  7259 | D:7      | Found a blossoming altar of Fedhas.
  7368 | D:7      | Found a staircase to the Ecumenical Temple.
  7500 | D:7      | Found an iron altar of Okawaru.
  7671 | D:8      | Reached skill level 14 in Fighting
  7825 | D:8      | You pick up a book of Frost {forbidden} and begin
                  | reading...
  7825 | D:8      | You add the spells Freeze, Frozen Ramparts and Hailstorm to
                  | your library.
  7883 | D:8      | Noticed a two-headed ogre
  8036 | D:8      | Killed a two-headed ogre
  8037 | D:8      | Reached skill level 15 in Fighting
  8037 | D:8      | Reached skill level 2 in Evocations
  8262 | D:8      | Noticed a two-headed ogre
  8276 | D:8      | Killed a two-headed ogre
  8277 | D:8      | Reached skill level 4 in Evocations
  8277 | D:8      | Reached XP level 10. HP: 105/105 MP: 9/9
  8295 | D:8      | You pick up a book of Geomancy {forbidden} and begin
                  | reading...
  8295 | D:8      | You add the spells Sandblast, Passwall and Stone Arrow to
                  | your library.
  8318 | D:8      | Found a snail-covered altar of Cheibriados.
  8380 | D:8      | Found Eruocik's Jewellery Shoppe.
  8393 | D:8      | Reached skill level 5 in Evocations
  8640 | D:8      | Found Ofeg Dai's Magic Scroll Boutique.
  8811 | D:9      | Found a sacrificial altar of Ru.
  9012 | D:9      | You pick up a book of Sloth {forbidden} and begin
                  | reading...
  9012 | D:9      | You add the spells Petrify, Metabolic Englaciation and
                  | Statue Form to your library.
  9052 | D:9      | Noticed a two-headed ogre
  9096 | D:8      | Killed a two-headed ogre
  9097 | D:8      | Reached skill level 16 in Fighting
  9229 | D:8      | HP: 38/160 [troll (9)]
  9823 | D:9      | Reached skill level 17 in Fighting
 10136 | D:9      | Found a sparkling altar of Nemelex Xobeh.
 10136 | D:9      | Found a transporter.
 10136 | D:9      | Noticed a manticore
 10136 | D:9      | Noticed a centaur warrior
 10151 | D:9      | Killed a manticore
 10151 | D:9      | Killed a centaur warrior
 10152 | D:9      | Reached XP level 11. HP: 110/117 MP: 10/10
 10324 | D:9      | >>NEED BLINK SCROLL ON D9
 10474 | D:10     | Entered Level 10 of the Dungeon
 10478 | D:10     | You pick up a book of Blasting {forbidden} and begin
                  | reading...
 10478 | D:10     | You add the spells Fulminant Prism, Iskenderun's Mystic
                  | Blast and Lee's Rapid Deconstruction to your library.
 10930 | D:10     | You pick up a book of Armaments {forbidden} and begin
                  | reading...
 10930 | D:10     | You add the spells Animate Armour and Lehudib's Crystal
                  | Spear to your library.
 10997 | D:10     | Noticed a two-headed ogre
 11003 | D:10     | Killed a two-headed ogre
 11004 | D:10     | Reached skill level 18 in Fighting
 11118 | D:10     | Noticed Nergalle
 11120 | D:10     | Noticed a spectral orc warlord
 11135 | D:10     | Killed Nergalle
 11419 | D:10     | Noticed Joseph
 11439 | D:10     | Killed Joseph
 11722 | D:10     | Found Judiov's Distillery.
 12199 | D:11     | Found a flagged portal.
 12235 | Bailey   | Entered a bailey
 12235 | Bailey   | magus.rc [v1.11.2]
 12239 | Bailey   | magus.rc [v1.11.2]
 12239 | Bailey   | Upgraded the game from 0.28-a0-906-g0406aca7d3 to
                  | 0.28-a0-919-g0b5b508569
 12239 | Bailey   | magus.rc [v1.11.2]
 12239 | Bailey   | Noticed an orc warlord
 12308 | Bailey   | Noticed an orc knight
 12330 | Bailey   | Killed an orc knight
 12400 | Bailey   | Found a runed translucent gate.
 12402 | Bailey   | Found a runed translucent gate.
 12404 | Bailey   | Found a runed translucent gate.
 12425 | Bailey   | Reached skill level 19 in Fighting
 12583 | Bailey   | Killed an orc warlord
 12600 | Bailey   | Identified the +0 pair of gloves of the Devil's Advocate
                  | {rCorr}
 12610 | Bailey   | Identified the +8 long sword of Qeasaf {elec, Str+5 Dex+2}
 12631 | Bailey   | Reached skill level 11 in Armour
 12631 | Bailey   | Reached XP level 12. HP: 93/130 MP: 11/11
 12970 | Temple   | Entered the Ecumenical Temple
 13210 | D:11     | Found a staircase to the Lair.
 13405 | D:11     | Noticed a two-headed ogre
 13466 | D:11     | Killed a two-headed ogre
 14150 | D:11     | Reached skill level 20 in Fighting
 14150 | D:11     | Reached skill level 1 in Shields
 14393 | D:11     | Noticed a two-headed ogre
 14453 | D:11     | Killed a two-headed ogre
 14454 | D:11     | Reached skill level 3 in Shields
 14812 | D:8      | Bought a ring of poison resistance for 240 gold pieces
 14908 | Lair:1   | Entered Level 1 of the Lair of Beasts
 14940 | D:11     | Reached skill level 4 in Shields
 15323 | D:11     | Reached skill level 5 in Shields
 15816 | Lair:1   | Reached XP level 13. HP: 113/139 MP: 12/12
 15827 | Lair:1   | Reached skill level 6 in Shields
 16063 | Lair:1   | HP: 32/139 [cane toad (13)]
 16411 | Lair:1   | Reached skill level 7 in Shields
 16615 | Lair:1   | Reached skill level 8 in Shields
 16779 | Lair:1   | You add the spells Ignite Poison and Sticky Flame to your
                  | library.
 17005 | Lair:1   | You pick up a book of Air {forbidden} and begin reading...
 17005 | Lair:1   | You add the spells Shock, Swiftness and Airstrike to your
                  | library.
 17046 | Lair:1   | Reached skill level 9 in Shields
 17098 | Lair:1   | Noticed Grum
 17113 | Lair:1   | Killed Grum
 17234 | Lair:1   | Found a runed translucent gate.
 17234 | Lair:1   | Found a runed translucent gate.
 17235 | Lair:1   | Found a runed translucent gate.
 17236 | Lair:1   | Noticed Emolur's ghost (journeyman GnCA)
 17723 | Lair:1   | Acquired a +2 tower shield of reflection
 18055 | Lair:1   | Killed Emolur's ghost
 18056 | Lair:1   | Reached skill level 10 in Shields
 18281 | Lair:1   | Identified the +8 dagger of Zuep {vamp, *Noise rElec rCorr
                  | Dex+5}
 18608 | Lair:2   | Reached skill level 11 in Shields
 19381 | Lair:2   | Reached skill level 12 in Shields
 19871 | Lair:3   | Found a staircase to the Swamp.
 20358 | Lair:2   | Reached skill level 13 in Shields
 21186 | Lair:2   | Reached skill level 14 in Shields
 21663 | Lair:3   | Reached XP level 14. HP: 120/148 MP: 13/13
 21671 | Lair:3   | Reached skill level 15 in Shields
 23192 | Lair:3   | Reached skill level 16 in Shields
 23293 | Lair:3   | Found a large runed translucent door.
 23293 | Lair:3   | Found a large runed translucent door.
 23386 | Lair:3   | Found a staircase to the Snake Pit.
 23452 | Lair:3   | You pick up a book of Necromancy {forbidden} and begin
                  | reading...
 23562 | Lair:3   | Noticed Cyda Jyj's ghost (journeyman DsGl)
 23775 | Lair:3   | Killed Cyda Jyj's ghost
 23843 | Lair:4   | You add the spells Alistair's Intoxication, Borgnjor's Vile
                  | Clutch and Eringya's Noxious Bog to your library.
 24809 | Lair:5   | Found a staircase to the Slime Pits.
 24827 | Lair:5   | Reached skill level 17 in Shields
 24833 | Lair:5   | Found a viscous altar of Jiyva.
 24833 | Lair:5   | Identified the +9 trident of the Doomed Warrior {drain,
                  | Dex+4 SInv}
 24951 | Lair:5   | You add the spells Blink, Manifold Assault and Storm Form
                  | to your library.
 25430 | Lair:5   | You pick up a book of Displacement {forbidden} and begin
                  | reading...
 25430 | Lair:5   | You add the spells Lesser Beckoning, Gell's Gravitas and
                  | Teleport Other to your library.
 25786 | Lair:6   | Entered Level 6 of the Lair of Beasts
 25792 | Lair:6   | Reached skill level 7 in Axes
 25954 | Lair:6   | Reached ***** piety under Trog
 25955 | Lair:6   | Reached skill level 8 in Axes
 26014 | Lair:6   | Reached skill level 9 in Axes
 26197 | Lair:6   | Found an iron altar of Okawaru.
 26437 | Lair:6   | Reached skill level 10 in Axes
 26741 | Lair:6   | Reached skill level 11 in Axes
 27348 | Lair:6   | Reached XP level 15. HP: 129/155 MP: 14/14
 28287 | D:11     | Reached skill level 12 in Axes
 28463 | D:12     | Noticed an orc warlord
 28466 | D:12     | Noticed a fire giant
 28482 | D:12     | Killed an orc warlord
 28492 | D:12     | Killed a fire giant
 28497 | D:12     | HP: 22/155 [deep elf archer/arrow (18)]
 28505 | D:12     | HP: 21/155 [deep elf archer/arrow (5)]
 29064 | D:12     | Found a staircase to the Orcish Mines.
 29088 | D:12     | Reached skill level 13 in Axes
 29578 | D:12     | You add the spells Summon Small Mammal, Freezing Cloud and
                  | Spellforged Servitor to your library.
 29578 | D:12     | Got Jixox's Almanac of the Frostbite and the Escort
                  | {forbidden}
 30040 | Orc:1    | Entered Level 1 of the Orcish Mines
 30264 | Orc:1    | Noticed Erica
 30286 | Orc:1    | Killed Erica
 30493 | Orc:2    | Entered Level 2 of the Orcish Mines
 30741 | Orc:2    | Reached skill level 14 in Axes
 30847 | Orc:2    | Found Hibonoph's Book Boutique.
 30847 | Orc:2    | Noticed an orc warlord
 31201 | Orc:2    | Killed an orc warlord
 31201 | Orc:2    | Received a gift from Trog
 31452 | Orc:2    | Found Aczueg's General Store.
 31535 | Orc:2    | Reached skill level 15 in Axes
 31544 | Orc:2    | Found Yqee's Antique Weapon Boutique.
 31835 | Orc:2    | Found Olecru's Antique Armour Shop.
 31867 | Orc:2    | Found a staircase to the Elven Halls.
 31918 | Orc:2    | Paralysed by an orc sorcerer for 2 turns
 32533 | Elf:1    | Entered Level 1 of the Elven Halls
 32678 | D:13     | Reached skill level 16 in Axes
 33170 | D:13     | You pick up a book of Storms {forbidden} and begin
                  | reading...
 33170 | D:13     | You add the spells Summon Lightning Spire and Lightning
                  | Bolt to your library.
 33321 | D:13     | A crimson imp is wielding the +2 Maxwell's thermic engine
                  | {flame, freeze}.
 33327 | D:13     | Received a gift from Trog
 33668 | D:14     | Found a gate to the Vaults.
 33927 | D:14     | Identified the amulet of Dyvud {rF+ Regen+}
 34033 | D:14     | Reached skill level 17 in Axes
 34170 | D:14     | Noticed a frost giant
 34182 | D:14     | Killed a frost giant
 34756 | D:14     | Reached XP level 16. HP: 120/162 MP: 15/15
 35000 | D:14     | You pick up a book of Debilitation {forbidden} and begin
                  | reading...
 35000 | D:14     | You add the spells Slow and Confusing Touch to your
                  | library.
 35186 | D:14     | Identified the +3 short sword "Ocotzeoz" {protect, Str+3}
 35211 | D:14     | Reached skill level 18 in Axes
 35595 | D:14     | Reached skill level 18 in Shields
 35819 | D:14     | You add the spells Poisonous Vapours and Cause Fear to your
                  | library.
 35819 | D:14     | Got the Grimoire of Aerial Execration {forbidden}
 36144 | D:15     | Entered Level 15 of the Dungeon
 36313 | D:15     | Noticed Azrael
 36455 | D:14     | Killed Azrael
 36476 | D:15     | Reached skill level 19 in Shields
 36500 | D:15     | Received a gift from Trog
 36716 | D:15     | Identified Roxanne's Grimoire of Shape Shifting
 36716 | D:15     | Noticed Roxanne
 36735 | D:15     | Killed Roxanne
 36737 | D:15     | You add the spells Beastly Appendage and Ice Form to your
                  | library.
 37061 | D:15     | Found a portal to a secret trove of treasure.
 37188 | D:15     | Found a staircase to the Depths.
 37286 | D:15     | This trove needs 8 potions of haste to function. Give it
                  | the items?
 37610 | Elf:1    | Reached skill level 20 in Shields
 37898 | Elf:1    | HP: 37/162 [deep elf archer/arrow (17)]
 38606 | Elf:1    | You pick up a book of Party Tricks {forbidden} and begin
                  | reading...
 38704 | Elf:2    | Found Cyumpum's Assorted Antiques.
 38809 | Elf:2    | Reached skill level 21 in Shields
 38837 | Elf:2    | Noticed a Tzitzimitl
 39304 | Elf:2    | Identified the +6 war axe "Qoel" {flame, rF- Str+5 Dex+5}
                  | (Trog gifted it to you on level 2 of the Elven Halls)
 39304 | Elf:2    | Received a gift from Trog
 39386 | Elf:2    | Reached ****** piety under Trog
 39401 | Elf:2    | Reached XP level 17. HP: 100/170 MP: 16/16
 39402 | Elf:2    | Reached skill level 22 in Shields
 39531 | Elf:2    | Found a runed translucent gate.
 39531 | Elf:2    | Found a runed translucent gate.
 39532 | Elf:2    | Found a runed translucent gate.
 40199 | Elf:2    | HP: 61/255 [+0 vorpal long sword (4)]
 40200 | Elf:2    | HP: 24/255 [deep elf zephyrmancer/bolt of lightning (32)]
 40201 | Elf:2    | Reached skill level 23 in Shields
 40208 | Elf:2    | Killed from afar by a deep elf knight

Vanquished Creatures
  2 fire giants
  A deep elf sorcerer (Elf:2)
  3 orc warlords
  A frost giant (D:14)
  The ghost of Emolur the Carver, a journeyman GnCA of Ignis (Lair:1)
  A deep elf demonologist (Elf:2)
  The ghost of Cyda Jyj the Martial Artist, a journeyman DsGl of Dithmenos (Lair:3)
  A deep elf annihilator (Elf:2)
  Azrael (D:14)
  An ettin (Orc:1)
  2 deep elf death magi
  4 fire dragons
  A deep elf high priest (Elf:2)
  16 hydras
  7 boulder beetles
  4 centaur warriors
  Erica (Orc:1)
  5 death yaks
  2 catoblepae
  23 dancing weapons
  10 two-headed ogres
  A deep troll earth mage (D:14)
  4 orc high priests
  Nergalle (D:10)
  3 tengu warriors
  7 deep elf knights
  A spectral death yak (Lair:1)
  A swamp dragon (Lair:6)
  3 wizards (D:14)
  23 deep elf pyromancers
  10 deep elf archers
  A lindwurm (Lair:6)
  6 orc knights
  A necromancer (D:14)
  15 deep elf zephyrmancers
  17 ugly things
  5 manticores
  6 orc sorcerers
  5 cyclopes
  2 centaur zombies (D:11)
  9 black mambas
  A black mamba (shapeshifter) (D:14)
  24 elephants
  A gargoyle (D:11)
  Joseph (D:10)
  A torpor snail (Lair:4)
  Maggie (D:7)
  11 cane toads
  3 rime drakes
  A yaktaur (D:14)
  An efreet (D:14)
  2 freezing wraiths
  A kobold demonologist (D:12)
  9 komodo dragons
  A tengu conjurer (D:15)
  A queen bee (D:11)
  A meliai (shapeshifter) (Elf:1)
  7 trolls
  3 polar bears
  A hornet (D:14)
  12 slime creatures
  12 blink frogs
  A spectral black mamba (Lair:1)
  3 water elementals
  A wyvern (Lair:4)
  44 yaks
  4 fire elementals
  A wraith (D:14)
  Eustachio (D:4)
  7 basilisks
  Grum (Lair:1)
  4 vampire mosquitoes (D:11)
  4 steam dragons
  6 wargs
  3 hell hounds (D:15)
  Duvessa (D:4)
  A harpy simulacrum (D:15)
  6 acid dragons
  23 water moccasins
  A swamp drake (Lair:6)
  33 orc warriors
  4 ice beasts
  2 necrophages
  12 ogres
  A black bear (shapeshifter) (Elf:1)
  4 boggarts (D:15)
  13 wolves
  13 centaurs
  6 kobold brigands
  19 bullfrogs
  A gnoll sergeant (D:8)
  3 earth elementals
  A wyvern zombie (D:8)
  A wyvern skeleton (D:7)
  Dowan (D:4)
  24 killer bees
  3 wights (D:7)
  5 howler monkeys
  2 electric eels (Lair:2)
  A torpor snail simulacrum (Lair:1)
  7 crimson imps (D:13)
  A centaur skeleton (D:5)
  5 hounds
  3 jellies
  9 orc priests
  2 bullfrog skeletons
  4 iguanas (Lair:6)
  A gnoll shaman (D:5)
  Ijyb (D:4)
  4 hell rats (Lair:3)
  13 orc wizards
  A killer bee zombie (D:7)
  A hound zombie (D:5)
  2 hound skeletons
  A howler monkey zombie (D:5)
  4 adders
  12 gnolls
  2 white imps (D:13)
  An adder skeleton (D:2)
  2 worms
  7 dart slugs
  56 orcs
  4 ball pythons
  6 endoplasms
  2 giant cockroaches
  15 hobgoblins
  3 jackals (D:4)
  4 quokkas
  6 bats
  5 frilled lizards
  19 goblins
  20 kobolds
  2 rats
  A spectral orc (D:5)
791 creatures vanquished.

Vanquished Creatures (collateral kills)
  Roxanne (D:15)
  2 spectral hydras (Lair:1)
  A deep elf zephyrmancer (Elf:2)
4 creatures vanquished.

Vanquished Creatures (others)
  A water elemental (Elf:1)
  A boggart (D:15)
  An iguana (Lair:6)
  An orc (Orc:2)
  A goblin (D:4)
  19 bushes (D:15)
  53 fungi
  56 plants
133 creatures vanquished.

Grand Total: 928 creatures vanquished

Table legend:
 A = Non-vault XP
 B = Vault XP
 C = Vault XP percentage of total XP
 D = Non-vault monster count
 E = Vault monster count
 F = Vault count percentage of total count
                 A         B        C        D         E       F
            +---------+---------+-------+---------+---------+-------
      Total |  145037 |   80344 |  35.6 |     548 |     248 |  31.2
            +---------+---------+-------+---------+---------+-------
        D:1 |      31 |       0 |   0.0 |      17 |       0 |   0.0
        D:2 |      68 |       0 |   0.0 |      25 |       0 |   0.0
        D:3 |     169 |       0 |   0.0 |      29 |       0 |   0.0
        D:4 |     176 |     512 |  74.4 |      11 |      14 |  56.0
        D:5 |     753 |       5 |   0.7 |      22 |       3 |  12.0
        D:6 |     810 |       0 |   0.0 |      22 |       0 |   0.0
        D:7 |     908 |     567 |  38.4 |      12 |       3 |  20.0
        D:8 |    4512 |     817 |  15.3 |      22 |       2 |   8.3
        D:9 |     788 |    1926 |  71.0 |       5 |       6 |  54.5
       D:10 |    1903 |    1206 |  38.8 |       6 |       2 |  25.0
       D:11 |    5471 |    1637 |  23.0 |      14 |      26 |  65.0
       D:12 |    5450 |    5506 |  50.3 |      15 |      24 |  61.5
       D:13 |    5364 |     356 |   6.2 |      15 |       9 |  37.5
       D:14 |    6217 |   15287 |  71.1 |      15 |      21 |  58.3
       D:15 |   14041 |    3699 |  20.9 |      32 |       7 |  17.9
     Lair:1 |    5440 |    4197 |  43.6 |      24 |      12 |  33.3
     Lair:2 |   10049 |    2021 |  16.7 |      29 |       6 |  17.1
     Lair:3 |   12513 |    1395 |  10.0 |      39 |       2 |   4.9
     Lair:4 |    5117 |     385 |   7.0 |      17 |       1 |   5.6
     Lair:5 |    7093 |       0 |   0.0 |      19 |       0 |   0.0
     Lair:6 |   14346 |    4733 |  24.8 |      36 |      22 |  37.9
      Orc:1 |    4176 |    3583 |  46.2 |      27 |      11 |  28.9
      Orc:2 |    3223 |    6878 |  68.1 |      30 |      22 |  42.3
      Elf:1 |   11476 |    6587 |  36.5 |      21 |      11 |  34.4
      Elf:2 |   24943 |   16852 |  40.3 |      44 |      23 |  34.3
     Bailey |       0 |    2195 | 100.0 |       0 |      21 | 100.0
            +---------+---------+-------+---------+---------+-------

Illustrated notes .. ... ... .... ...# โ–“โ–“โ–“โ–“โ–“โ–“โ–“###โ–“โ–“โ–“โ–“โ–“โ–“โ–“ ...#. โ–“โŒ .ยฉโ€ โŒ โ–“ยงยฉยงโ–“โŒ ...โŒ โ–“ ..... โ–“...).โ–“._.โ–“...?.โ–“ ..... โ–“.....โ–“...โ–“.[8..โ–“ ..#.. โ–“.....โ–“..@โ–“.(.?.โ–“ ..... โ–“โŒ

.ยฉ.โŒ โ–“...โ–“โŒ ...โŒ โ–“ .....
โ–“โ–“โ–“โ–“โ–“โ–“โ–“...โ–“โ–“โ–“โ–“โ–“โ–“โ–“
.#.. ###'####### ..... #.........# ..###
###.......# #.#... ####.......#
#................##...#
.................##..##


Turn 10324 on D:9: NEED BLINK SCROLL ON D9

Table legend:
 A = Kills in this place as a percentage of kills in entire the game.
 B = Kills by you in this place as a percentage of kills by you in the entire game.
 C = Kills by friends in this place as a percentage of kills by friends in the entire game.
 D = Other kills in this place as a percentage of other kills in the entire game.
 E = Experience gained in this place as a percentage of experience gained in the entire game.
 F = Experience gained in this place divided by the number of levels of this place that you have seen.
                   A       B       C       D       E      F
               +-------+-------+-------+-------+-------+----------------------
         Total | 100.0 | 100.0 | 100.0 | 100.0 | 100.0 | 8347.4
       Dungeon |  47.6 |  47.8 |  25.0 |   0.0 |  34.7 | 5211.9
          Lair |  26.0 |  25.8 |  50.0 | 100.0 |  29.9 | 11214.8
  Orcish Mines |  11.3 |  11.4 |   0.0 |   0.0 |   7.9 | 8930.0
   Elven Halls |  12.4 |  12.4 |  25.0 |   0.0 |  26.6 | 29929.0
        Bailey |   2.6 |   2.7 |   0.0 |   0.0 |   1.0 | 2195.0
               +-------+-------+-------+-------+-------+----------------------

Table legend: (Time is in decaauts)
 A = Elapsed time spent in this place.
 B = Non-inter-level travel time spent in this place.
 C = Inter-level travel time spent in this place.
 D = Time resting spent in this place.
 E = Time spent auto-exploring this place.
 F = Levels seen in this place.
 G = Mean time per level.
                   A        B        C        D        E       F      G
               +--------+--------+--------+--------+--------+-----+--------+
         Total |  40700 |  38396 |   2304 |   8418 |  21414 |  27 | 1507.4 |
       Dungeon |  22563 |  20854 |   1709 |   4695 |  11730 |  15 | 1504.2 |
        Temple |    111 |     99 |     12 |      0 |     83 |   1 |  111.0 |
          Lair |  12268 |  11971 |    297 |   2668 |   6875 |   6 | 2044.7 |
  Orcish Mines |   2712 |   2460 |    252 |    765 |   1145 |   2 | 1356.0 |
   Elven Halls |   2559 |   2526 |     33 |    180 |   1581 |   2 | 1279.5 |
        Bailey |    485 |    485 |      0 |    109 |      0 |   1 |  485.0 |
               +--------+--------+--------+--------+--------+-----+--------+

Top non-repeatable levels by time:
    D:11: 3576 daAuts
  Lair:2: 3477 daAuts
    D:14: 2659 daAuts
  Lair:6: 2471 daAuts
  Lair:3: 2232 daAuts
  Lair:1: 2065 daAuts
     D:8: 1851 daAuts
    D:10: 1704 daAuts
   Orc:2: 1477 daAuts
     D:4: 1476 daAuts
    D:12: 1397 daAuts
   Elf:2: 1395 daAuts
     D:9: 1336 daAuts
     D:6: 1315 daAuts
     D:7: 1285 daAuts
